LPBC
CAMAGUEY TINAJONES @ CIEGO DE AVILA MONJES GRISES
10/14/1905
 
TOP OF THE 1ST
Camaguey Tinajones batting - Pitching for Ciego de Avila Monjes Grises : RHP Homero Escobar
Pitching: RHP Homero Escobar
Batting: RHB Muño Martínez 0-0: Reached on error, E5 (Groundball, 56, EV 153 KM/H)
Batting: RHB Ángel Reyes 0-0: Bunted foul
0-1: Foul Ball, location: 2F
0-2: Ball
1-2: SINGLE (Line Drive, 78S, EV 156 KM/H)
Muño Martínez to second
Batting: RHB Juan Rivera 0-0: Ball
1-0: SINGLE (Line Drive, 4D, EV 171 KM/H)
Muño Martínez to third
Ángel Reyes to second
Batting: SHB Pablo Gómez 0-0: Swinging Strike
0-1: Ball
1-1: Ball
2-1: Called Strike
2-2: Foul Ball, location: 2F
2-2: Foul Ball, location: 2F
2-2: Ball
3-2: Foul Ball, location: 7LSF
3-2: SINGLE (Line Drive, 7S, EV 165 KM/H)
Muño Martínez scores
Ángel Reyes to third
Juan Rivera to second
Batting: RHB Mario Reza 0-0: Called Strike
0-1: Foul Ball, location: 3DF
0-2: Strikes out swinging
Batting: RHB Normando Gurule 0-0: Ball
1-0: Ball
2-0: Fly out, F7 (Flyball, 78D, EV 161 KM/H)
Runner from 3rd tags up, SCORES, no throw by LF
Batting: RHB Luciano López 0-0: Called Strike
0-1: Ground out 3-1 (Groundball, 34S, EV 128 KM/H)
Top of the 1st over - 2 runs, 3 hits, 1 error, 2 left on base; Camaguey 2 - Ciego de Avila 0
BOTTOM OF THE 1ST
Ciego de Avila Monjes Grises batting - Pitching for Camaguey Tinajones : RHP Hernán Cruz
Pitching: RHP Hernán Cruz
Batting: RHB Clemente López 0-0: Ball
1-0: Foul Ball, location: 9LSF
1-1: Swinging Strike
1-2: Ball
2-2: Ball
3-2: Foul Ball, location: 3SF
3-2: SINGLE (Line Drive, 9S, EV 169 KM/H)
Batting: RHB Euríalo Rodríguez 0-0: Ball
1-0: Sac Bunt to 5S - play at first, batter OUT! 5-3
Clemente López to second
Batting: SHB Doroteo Rayón 0-0: Foul Ball, location: 2F
0-1: Fly out, F2 (Popup, 2LF, EV 137 KM/H)
Batting: RHB Ordoño Ramírez 0-0: Ball
1-0: Called Strike
1-1: Ball
2-1: Foul Ball, location: 2F
2-2: SINGLE (Groundball, 4MD, EV 165 KM/H)
Clemente López to third
Runner from 3rd tries for Home, SAFE, throw by CF to home
Batting: SHB Santiago Maura 0-0: SINGLE (Groundball, 34D, EV 165 KM/H)
Ordoño Ramírez to second
Runner from 2nd tries for 3rd, SAFE, throw by RF made at trailing runner, OUT! 9-6
Bottom of the 1st over - 1 run, 3 hits, 0 errors, 1 left on base; Camaguey 2 - Ciego de Avila 1
TOP OF THE 2ND
Camaguey Tinajones batting - Pitching for Ciego de Avila Monjes Grises : RHP Homero Escobar
Batting: RHB Petronio Gaitán 0-0: Called Strike
0-1: Ball
1-1: Ground out 6-3 (Groundball, 6, EV 132 KM/H)
Batting: RHB Hernán Cruz 0-0: Called Strike
0-1: Ball
1-1: Foul Ball, location: 9LDF
1-2: Foul Ball, location: 9LDF
1-2: Strikes out swinging
Batting: RHB Muño Martínez 0-0: Ball
1-0: Foul Ball, location: 9LMF
1-1: Called Strike
1-2: DOUBLE (Groundball, 5L, EV 173 KM/H)
Batting: RHB Ángel Reyes 0-0: Reached on error, E5 (Line Drive, 56, EV 99 KM/H)
Muño Martínez to third
Batting: RHB Juan Rivera 0-0: Fly out, F8 (Line Drive, 8LS, EV 167 KM/H)
Top of the 2nd over - 0 runs, 1 hit, 1 error, 2 left on base; Camaguey 2 - Ciego de Avila 1
BOTTOM OF THE 2ND
Ciego de Avila Monjes Grises batting - Pitching for Camaguey Tinajones : RHP Hernán Cruz
Batting: RHB Josías Rodríguez 0-0: Called Strike
0-1: Called Strike
0-2: Ball
1-2: SINGLE (Line Drive, 8LS, EV 165 KM/H)
Batting: RHB José Zavala 0-0: Sac Bunt to 15S - play at first, batter safe!
Josías Rodríguez to second
Batting: RHB Juan Garcia 0-0: Ball
1-0: Fly out, F7 (Line Drive, 7S, EV 156 KM/H)
Batting: RHB Homero Escobar 0-0: SINGLE (Groundball, 4MD, EV 154 KM/H)
Josías Rodríguez to third
José Zavala to second
Runner from 3rd tries for Home, SAFE, throw by CF to home
José Zavala to third
Homero Escobar to second
Batting: RHB Clemente López 0-0: Ground out 6-3 (Groundball, 6M, EV 128 KM/H)
Batting: RHB Euríalo Rodríguez 0-0: Called Strike
0-1: Swinging Strike
0-2: Ball
1-2: Strikes out looking
Bottom of the 2nd over - 1 run, 3 hits, 0 errors, 2 left on base; Camaguey 2 - Ciego de Avila 2
TOP OF THE 3RD
Camaguey Tinajones batting - Pitching for Ciego de Avila Monjes Grises : RHP Homero Escobar
Batting: SHB Pablo Gómez 0-0: Fly out, F6 (Popup, 6D, EV 81 KM/H)
Batting: RHB Mario Reza 0-0: Ground out 1-3 (Groundball, 34S, EV 103 KM/H)
Batting: RHB Normando Gurule 0-0: Ball
1-0: Ball
2-0: Ground out 6-3 (Groundball, 6M, EV 152 KM/H)
Top of the 3rd over - 0 runs, 0 hits, 0 errors, 0 left on base; Camaguey 2 - Ciego de Avila 2
BOTTOM OF THE 3RD
Ciego de Avila Monjes Grises batting - Pitching for Camaguey Tinajones : RHP Hernán Cruz
Batting: SHB Doroteo Rayón 0-0: Reached via error on a dropped throw from 1B, E1 (Groundball, 34, EV 176 KM/H)
Batting: RHB Ordoño Ramírez 0-0: Ball
1-0: Sac Bunt to 2L - play at first, batter OUT! 2-3
Doroteo Rayón to second
Batting: SHB Santiago Maura 0-0: Called Strike
Doroteo Rayón steals 3rd base
0-1: Ball
1-1: Called Strike
1-2: Foul Ball, location: 3FF
1-2: Foul Ball, location: 2F
1-2: Ball
2-2: Ball
3-2: Foul Ball, location: 5DF
3-2: Ground out 4-3 (Groundball, 4, EV 124 KM/H)
Batting: RHB Josías Rodríguez 0-0: Ball
1-0: Ball
2-0: Ball
3-0: Called Strike
3-1: Fly out, F4 (Popup, 4M, EV 98 KM/H)
Bottom of the 3rd over - 0 runs, 0 hits, 1 error, 1 left on base; Camaguey 2 - Ciego de Avila 2
TOP OF THE 4TH
Camaguey Tinajones batting - Pitching for Ciego de Avila Monjes Grises : RHP Homero Escobar
Batting: RHB Luciano López 0-0: Foul Ball, location: 9LDF
0-1: Foul Ball, location: 2F
0-2: Strikes out swinging
Batting: RHB Petronio Gaitán 0-0: SINGLE (Groundball, 4MD, EV 167 KM/H)
Batting: RHB Hernán Cruz 0-0: Bunt missed!
0-1: Sac Bunt to 15S - play at first, batter OUT! 1-3
Petronio Gaitán to second
Batting: RHB Muño Martínez 0-0: Called Strike
0-1: Fly out, F3 (Popup, 3SF, EV 108 KM/H)
Top of the 4th over - 0 runs, 1 hit, 0 errors, 1 left on base; Camaguey 2 - Ciego de Avila 2
BOTTOM OF THE 4TH
Ciego de Avila Monjes Grises batting - Pitching for Camaguey Tinajones : RHP Hernán Cruz
Batting: RHB José Zavala 0-0: Ball
1-0: Ball
2-0: Fly out, F4 (Popup, 4, EV 104 KM/H)
Batting: RHB Juan Garcia 0-0: Ground out 6-3 (Groundball, 6, EV 122 KM/H)
Batting: RHB Homero Escobar 0-0: Ball
1-0: Called Strike
1-1: Ball
2-1: Swinging Strike
2-2: Strikes out swinging
Bottom of the 4th over - 0 runs, 0 hits, 0 errors, 0 left on base; Camaguey 2 - Ciego de Avila 2
TOP OF THE 5TH
Camaguey Tinajones batting - Pitching for Ciego de Avila Monjes Grises : RHP Homero Escobar
DELAY Rain delay of 53 minutes in the 5th inning.
Batting: RHB Ángel Reyes 0-0: Ball
1-0: Ground out U3 (Groundball, 34S, EV 149 KM/H)
Batting: RHB Juan Rivera 0-0: Ball
1-0: Ball
2-0: Ball
3-0: Base on Balls
Batting: SHB Pablo Gómez 0-0: Ball
1-0: Ball
2-0: Fielders Choice at 2nd, 6-4 (Groundball, 6, EV 165 KM/H)
Batting: RHB Mario Reza 0-0: Called Strike
Pablo Gómez steals 2nd base
0-1: Fly out, F9 (Line Drive, 9S, EV 144 KM/H)
Top of the 5th over - 0 runs, 0 hits, 0 errors, 1 left on base; Camaguey 2 - Ciego de Avila 2
BOTTOM OF THE 5TH
Ciego de Avila Monjes Grises batting - Pitching for Camaguey Tinajones : RHP Hernán Cruz
Batting: RHB Clemente López 0-0: Called Strike
0-1: Swinging Strike
0-2: Ball
1-2: Ball
2-2: Ball
3-2: Base on Balls
Batting: RHB Euríalo Rodríguez 0-0: Ball
1-0: Sac Bunt to 23 - play at first, batter OUT! 3-4
Clemente López to second
Batting: SHB Doroteo Rayón 0-0: Called Strike
Clemente López is caught stealing 3rd base 2-5
0-1: TRIPLE (Line Drive, 89XD, EV 163 KM/H)
Batting: RHB Ordoño Ramírez 0-0: Ball
1-0: Foul Ball, location: 2F
1-1: SINGLE (Groundball, 56D, EV 165 KM/H)
Doroteo Rayón scores
Batting: SHB Santiago Maura 0-0: Ball
1-0: Foul Ball, location: 2F
1-1: Ball
2-1: Fly out, F9 (Line Drive, 9, EV 150 KM/H)
Bottom of the 5th over - 1 run, 2 hits, 0 errors, 1 left on base; Camaguey 2 - Ciego de Avila 3
TOP OF THE 6TH
Camaguey Tinajones batting - Pitching for Ciego de Avila Monjes Grises : RHP Homero Escobar
Batting: RHB Normando Gurule 0-0: Called Strike
0-1: Ground out U3 (Groundball, 3L, EV 137 KM/H)
Batting: RHB Luciano López 0-0: Called Strike
0-1: Foul Ball, location: 2F
0-2: Ground out 4-3 (Groundball, 4S, EV 141 KM/H)
Batting: RHB Petronio Gaitán 0-0: Called Strike
0-1: Ball
1-1: Swinging Strike
1-2: Foul Ball, location: 9LDF
1-2: DOUBLE (Flyball, 8LD, EV 157 KM/H)
Batting: RHB Hernán Cruz 0-0: Ball
1-0: Ball
2-0: Foul Ball, location: 7LMF
2-1: Ball
Passed Ball!
Petronio Gaitán to third
3-1: Called Strike
3-2: Strikes out swinging
Top of the 6th over - 0 runs, 1 hit, 0 errors, 1 left on base; Camaguey 2 - Ciego de Avila 3
BOTTOM OF THE 6TH
Ciego de Avila Monjes Grises batting - Pitching for Camaguey Tinajones : RHP Hernán Cruz
Batting: RHB Josías Rodríguez 0-0: Ball
1-0: Ball
2-0: Ball
3-0: Base on Balls
Batting: RHB José Zavala 0-0: Sac Bunt to 15 - play at first, batter OUT! 1-3
Josías Rodríguez to second
Batting: RHB Juan Garcia 0-0: Called Strike
0-1: Fly out, F9 (Flyball, 9, EV 143 KM/H)
Batting: RHB Homero Escobar 0-0: Called Strike
0-1: Foul Ball, location: 2F
0-2: Ball
1-2: Reached on error, E4 (Groundball, 4S, EV 124 KM/H)
Josías Rodríguez to third
Batting: RHB Clemente López 0-0: Foul Ball, location: 5F
0-1: Foul Ball, location: 23F
0-2: Ball
1-2: Strikes out swinging
Bottom of the 6th over - 0 runs, 0 hits, 1 error, 2 left on base; Camaguey 2 - Ciego de Avila 3
TOP OF THE 7TH
Camaguey Tinajones batting - Pitching for Ciego de Avila Monjes Grises : RHP Homero Escobar
Pinch Hitting: LHB Ignacio Moreno 0-0: Called Strike
0-1: Foul Ball, location: 9LMF
0-2: Ground out 6-3 (Groundball, 6M, EV 170 KM/H)
Batting: RHB Ángel Reyes 0-0: Swinging Strike
0-1: Ball
1-1: SINGLE (Groundball, 6MD, EV 154 KM/H)
Batting: RHB Juan Rivera 0-0: SINGLE (Line Drive, 56D, EV 156 KM/H)
Ángel Reyes to second
Batting: SHB Pablo Gómez 0-0: Ball
1-0: Foul Ball, location: 9LMF
1-1: Fly out, F9 (Flyball, 89S, EV 157 KM/H)
Pinch Hitting: SHB Julián Boronda 0-0: Fly out, F6 (Popup, 15, EV 131 KM/H)
Top of the 7th over - 0 runs, 2 hits, 0 errors, 2 left on base; Camaguey 2 - Ciego de Avila 3
BOTTOM OF THE 7TH
Ciego de Avila Monjes Grises batting - Pitching for Camaguey Tinajones : RHP Hernán Cruz
Now at 3B: Julián Boronda
Now in RF: Ignacio Moreno
Batting: RHB Euríalo Rodríguez 0-0: Called Strike
0-1: Ball
1-1: Swinging Strike
1-2: Ball
2-2: Foul Ball, location: 5DF
2-2: Ground out 5-3 (Groundball, 5S, EV 130 KM/H)
Batting: SHB Doroteo Rayón 0-0: Ball
1-0: Fly out, F6 (Popup, 4M, EV 81 KM/H)
Batting: RHB Ordoño Ramírez 0-0: Ball
1-0: Foul Ball, location: 2F
1-1: Ball
2-1: Ball
3-1: Fly out, F6 (Line Drive, 6D, EV 105 KM/H)
Bottom of the 7th over - 0 runs, 0 hits, 0 errors, 0 left on base; Camaguey 2 - Ciego de Avila 3
TOP OF THE 8TH
Camaguey Tinajones batting - Pitching for Ciego de Avila Monjes Grises : RHP Homero Escobar
Now at 1B: Fulco Juárez
Batting: RHB Normando Gurule 0-0: Ball
1-0: Foul Ball, location: 3FF
1-1: Foul Ball, location: 7LDF
1-2: Fly out, F7 (Flyball, 7D, EV 146 KM/H)
Pinch Hitting: LHB Tomás Mendoza 0-0: Ball
1-0: Foul Ball, location: 25F
1-1: Fly out, F7 (Flyball, 78D, EV 151 KM/H)
Batting: RHB Petronio Gaitán 0-0: Fly out, F5 (Line Drive, 5, EV 99 KM/H)
Top of the 8th over - 0 runs, 0 hits, 0 errors, 0 left on base; Camaguey 2 - Ciego de Avila 3
BOTTOM OF THE 8TH
Ciego de Avila Monjes Grises batting - Pitching for Camaguey Tinajones : RHP Hernán Cruz
Now at 2B: Diego Cruz
Batting: SHB Santiago Maura 0-0: Foul Ball, location: 7LMF
0-1: SINGLE (Groundball, 4MD, EV 150 KM/H)
Batting: RHB Josías Rodríguez 0-0: Called Strike
0-1: Ball
1-1: Swinging Strike
1-2: Strikes out looking
Batting: RHB José Zavala 0-0: Ball
1-0: Ball
2-0: Sac Bunt to 13 - play at first, batter OUT! 1-4
Santiago Maura to second
Pinch Hitting: RHB Agapito García 0-0: Ball
1-0: Ball
2-0: Ball
3-0: Base on Balls
Pinch Hitting: RHB Santiago Ubaldo 0-0: Called Strike
0-1: Fly out, F8 (Flyball, 89D, EV 145 KM/H)
Bottom of the 8th over - 0 runs, 1 hit, 0 errors, 2 left on base; Camaguey 2 - Ciego de Avila 3
TOP OF THE 9TH
Camaguey Tinajones batting - Pitching for Ciego de Avila Monjes Grises : RHP Homero Escobar
Pitching: LHP Enrique Galaz
Now at 3B: Santiago Ubaldo
Pinch Hitting: RHB Enrique Treviño 0-0: Swinging Strike
0-1: Ground out 4-3 (Groundball, 13, EV 137 KM/H)
Pinch Hitting: RHB Esteban Martínez 0-0: Called Strike
0-1: Reached on error, E6 (Groundball, 6M, EV 160 KM/H)
Batting: RHB Ángel Reyes 0-0: Ball
1-0: Ball
2-0: Ball
3-0: Called Strike
3-1: Foul Ball, location: 25F
3-2: DOUBLE (Line Drive, 78D, EV 175 KM/H)
Esteban Martínez to third
Runner from 3rd tries for Home, SAFE, throw by LF to trailing runner, SAFE at third!
Batting: RHB Juan Rivera 0-0: Hit by Pitch
Batting: SHB Pablo Gómez 0-0: Ball
1-0: Foul Ball, location: 7LDF
1-1: Called Strike
1-2: Fly out, F6 (Line Drive, 6, EV 106 KM/H)
Batting: SHB Julián Boronda 0-0: Ball
1-0: Ball
2-0: Called Strike
2-1: Called Strike
2-2: Ball
3-2: Strikes out swinging
Top of the 9th over - 1 run, 1 hit, 1 error, 2 left on base; Camaguey 3 - Ciego de Avila 3
BOTTOM OF THE 9TH
Ciego de Avila Monjes Grises batting - Pitching for Camaguey Tinajones : RHP Hernán Cruz
Pitching: RHP Germán Alvarado
Now in RF: Enrique Treviño
Pinch Hitting: LHB Muño Chávez 0-0: Foul Ball, location: 2F
0-1: Ball
1-1: SINGLE (Line Drive, 78M, EV 149 KM/H)
Batting: RHB Euríalo Rodríguez 0-0: Sac Bunt to 25 - play at first, batter OUT! 5-4
Muño Chávez to second
Batting: SHB Doroteo Rayón 0-0: Fly out, F7 (Flyball, 78D, EV 148 KM/H)
Batting: RHB Fulco Juárez 0-0: Foul Ball, location: 25F
0-1: Ground out 6-3 (Groundball, 6MD, EV 167 KM/H)
Bottom of the 9th over - 0 runs, 1 hit, 0 errors, 1 left on base; Camaguey 3 - Ciego de Avila 3
TOP OF THE 10TH
Camaguey Tinajones batting - Pitching for Ciego de Avila Monjes Grises : LHP Enrique Galaz
Now in CF: Santiago Hernández
Batting: RHB Normando Gurule 0-0: Ball
1-0: Ball
2-0: Foul Ball, location: 23FF
2-1: Ball
3-1: Swinging Strike
3-2: Ground out 2-3 (Groundball, 2R, EV 115 KM/H)
Batting: RHB Diego Cruz 0-0: Ground out 4-3 (Groundball, 4S, EV 111 KM/H)
Batting: RHB Petronio Gaitán 0-0: Called Strike
0-1: Foul Ball, location: 2F
0-2: Ball
1-2: Foul Ball, location: 9LDF
1-2: Foul Ball, location: 23FF
1-2: Fly out, F3 (Line Drive, 3, EV 102 KM/H)
Top of the 10th over - 0 runs, 0 hits, 0 errors, 0 left on base; Camaguey 3 - Ciego de Avila 3
BOTTOM OF THE 10TH
Ciego de Avila Monjes Grises batting - Pitching for Camaguey Tinajones : RHP Germán Alvarado
Batting: SHB Santiago Maura 0-0: SINGLE (Groundball, 6MD, EV 169 KM/H)
Batting: RHB Josías Rodríguez 0-0: Sac Bunt to 15S - play at first, batter OUT! 1-4
Santiago Maura to second
Pinch Hitting: RHB Nazario Munguía 0-0: Foul Ball, location: 7LSF
0-1: Called Strike
0-2: Strikes out swinging
Pinch Hitting: RHB Belerofonte Escamilla 0-0: Called Strike
0-1: Ball
1-1: Ball
Wild Pitch!
Santiago Maura to third
2-1: SINGLE (Groundball, 4D, EV 172 KM/H)
Santiago Maura scores
Bottom of the 10th over - 1 run, 2 hits, 0 errors, 1 left on base; Camaguey 3 - Ciego de Avila 4
Thursday, January 30th , 2025 - OOTP Baseball 25.11 Build 100